 Dungeon Crawl Stone Soup version 0.28.0-53-g5a82cb258f (webtiles) character file.

Game seed: 4568611816921376811

175 hawla the Sneak (level 5, -4/22 HPs)
             Began as a Felid Fire Elementalist on May 23, 2022.
             Slain by an iguana (9 damage)
             ... on level 3 of the Dungeon.
             The game lasted 00:09:04 (5229 turns).

hawla the Sneak (Felid Fire Elementalist)           Turns: 5229, Time: 00:09:06

Health: -4/22      AC:  1    Str:  4    XL:     5   Next: 29%
Magic:  2/10       EV: 17    Int: 19    God:
Gold:   124        SH:  0    Dex: 16    Spells: 3/10 levels left
                                        Lives:  0   Deaths: 1

rFire   . . .      SeeInvis +     - Unarmed
rCold   . . .      Faith    .   (shield unavailable)
rNeg    + . .      Spirit   .   (armour unavailable)
rPois   .          Reflect  .   (helmet unavailable)
rElec   .          Harm     .   (cloak unavailable)
rCorr   .          Rampage  .   (gloves unavailable)
Will    .....                   (boots unavailable)
Stlth   +++.......              (no amulet)
HPRegen 0.07/turn               c - ring of positive energy
MPRegen 0.12/turn               (no ring)

@: quick
A: very small, claws 1, fangs 3, see invisible, speed 1, shaggy fur 1, stealthy
paws, no weapons or thrown items, no armour, multi-lived
a: no special abilities


You were on level 3 of the Dungeon.
You visited 1 branch of the dungeon, and saw 4 of its levels.

You collected 124 gold pieces.

Inventory:

Jewellery
 c - a ring of positive energy (left paw)
 f - an amulet of faith
Scrolls
 a - a scroll of teleportation
 b - a scroll of brand weapon {unknown}
 d - a scroll of blinking
 h - a scroll of immolation {unknown}
 j - a scroll of fog {unknown}
Potions
 e - a potion of cancellation
 g - a potion of lignification
 k - a potion of curing
 l - 3 potions of resistance {unknown}


   Skills:
 + Level 1.0 Fighting
 + Level 3.0 Dodging
 - Level 3.8 Stealth
 - Level 2.1 Unarmed Combat
 - Level 3.2 Spellcasting
 * Level 1.9 Conjurations
 * Level 3.6 Fire Magic


You had 3 spell levels left.
You knew the following spells:

 Your Spells              Type           Power      Damage    Failure   Level
a - Foxfire               Conj/Fire      52%        2x1d6     4%          1
b - Scorch                Fire           34%        2d6       4%          2
c - Flame Wave            Conj/Fire      13%        2d6       43%         4

Your spell library contained the following spells:

 Spells                   Type           Power      Damage    Failure   Level
 Conjure Flame            Conj/Fire      13%        6-21      14%         3
 Beastly Appendage        Tmut           6%         N/A       16%         1
 Wereblood                Tmut           3%         N/A       22%         2
 Inner Flame              Hex/Fire       10%        N/A       22%         3
 Spider Form              Tmut/Pois      3%         N/A       41%         3


Dungeon Overview and Level Annotations

Branches:
Dungeon (4/15)
 Temple: D:4-7

Altars:


Innate Abilities, Weirdness & Mutations

You have sharp claws.
You have razor-sharp teeth.
You have supernaturally acute eyesight. (SInv)
You cover ground quickly. (Speed+)
You are covered in fur. (AC +1)
Your paws help you pounce on unaware monsters.
You are incapable of wielding weapons or throwing items.
You cannot wear armour.
You gain extra lives every three experience levels.


Message History

The worm completely misses you.
There is a stone staircase leading up here.
Casting: Scorch (safe; 4% risk of failure)
Confirm with . or Enter, or press ? or * to list all spells.
The spell is potentially lethal to miscast (43% risk of failure)!
Continue anyway?
Casting: Flame Wave (potentially lethal; 43% risk of failure)
Press: ? - help, Dir - look around, f - activate A wave of flame ripples out!
The flame wave engulfs the worm!
The worm is severely wounded. (Press . to intensify the flame waves.)
You hear an angry hiss.
The dart slug launches a dart at you. The slug dart hits you.
The worm barely misses you.
A wave of flame ripples out!
The flame wave engulfs the giant cockroach!
You kill the giant cockroach!
The flame wave engulfs the worm!
You kill the worm!
The flame wave engulfs the iguana.
The iguana is moderately wounded.
A wave of flame ripples out!
The flame wave engulfs the iguana but does no damage.
The iguana is moderately wounded.
The flame wave engulfs the bullfrog.
The bullfrog is moderately wounded.
You finish channelling waves of flame.
You hear an angry hiss.
The iguana bites you!
Ouch! That really hurt!
* * * LOW HITPOINT WARNING * * *
The iguana misses you. The bullfrog closely misses you.
You climb upwards.
There is a stone staircase leading down here.
Casting: Flame Wave (potentially lethal; 43% risk of failure)
Confirm with . or Enter, or press ? or * to list all spells.
Flames lash the iguana.
The iguana is severely wounded.
The iguana's fire resistance burns away.
The iguana bites you!
You die...

#...................
#.##################
#.#.................
#.#.##....#########.
#.#.##....#########.
#.#.##....#.........
#.#.##....#h########
##############.#l......#.#
................@###...#.#
.#######.#####.#.# #...#.#
.##### #.# #.#.###...#.#
.....# #.#####.#.......#.#
.###.# #.......####....#.#
.# #.###.####### #....#.#
.# #..##.# #....#.# .#
##.##.# #....#.######## .#
#.##.# #....#.........


You could see an iguana (combustible).

Vanquished Creatures
  An ogre (D:3)
  5 adders
  An ufetubus (D:3)
  2 worms
  4 dart slugs
  4 orcs (D:3)
  5 bats
  6 endoplasms
  2 giant cockroaches
  10 goblins
  6 hobgoblins
  3 jackals (D:2)
  4 kobolds (D:1)
  2 quokkas
  3 ball pythons
  5 frilled lizards
  7 rats
70 creatures vanquished.

Vanquished Creatures (others)
  137 foxfires
137 creatures vanquished.

Grand Total: 207 creatures vanquished

Notes
Turn   | Place    | Note
-------+----------+-------------------------------------------
     0 | D:1      | hawla the Felid Fire Elementalist began the quest for the
                  | Orb.
     0 | D:1      | Reached XP level 1. HP: 7/7 MP: 4/4
   660 | D:1      | Reached XP level 2. HP: 11/11 MP: 0/6
   935 | D:1      | Found a faded altar of an unknown god.
   954 | D:1      | Reached skill level 1 in Conjurations
  1928 | D:2      | Reached XP level 3. HP: 14/15 MP: 4/7
  2035 | D:2      | HP: 1/22 [poisoned by an adder]
  2361 | D:2      | You fall into a shaft and drop 1 floor!
  2735 | D:3      | Learned a level 2 spell: Scorch
  2737 | D:3      | Reached skill level 1 in Unarmed Combat
  2737 | D:3      | Reached XP level 4. HP: 15/18 MP: 4/9
  3236 | D:3      | Noticed an ogre
  3261 | D:3      | Slain by an ogre
  3262 | D:3      | Reached XP level 3. HP: -5/15 MP: 7/8
  3338 | D:3      | Noticed a black bear
  3458 | D:3      | Killed an ogre
  3459 | D:3      | Reached XP level 4. HP: 18/18 MP: 0/9
  4175 | D:2      | Reached XP level 5. HP: 21/21 MP: 10/10
  4694 | D:2      | Reached skill level 1 in Fighting
  5222 | D:3      | Learned a level 4 spell: Flame Wave
  5229 | D:3      | Slain by an iguana

Illustrated notes

Levels and vault maps discovered:
D:1:      shiori_arrival_elements, layout_basic,
          hellmonk_ecumenical_altar_run_dry, serial_glass, glass_columns_c,
          glass_columns_a, feat_on_display
D:2:      layout_basic, grunt_decor_mini_mirrors, kennysheep_generic_room_10
D:3:      layout_basic
D:4:      layout_cave_pools, minmay_temple_entry_water_ring

Skill      XL: |  1  2  3  4  5 |
---------------+----------------+-----
Fire Magic     | 3 |  3.6
Conjurations   | 1 |  1.9
Stealth        | 3 |  3.8
Unarmed Combat | 1 2 |  2.1
Dodging        | 3 |  3.0
Spellcasting   | 3 |  3.2
Fighting       | 1 |  1.0

Action                   |  1- 3 |  4- 6 || total
-------------------------+-------+-------++-------
Melee: Unarmed           |    49 |    12 ||    61
       Bite              |     4 |     2 ||     6
       Punch             |       |     1 ||     1
 Cast: Foxfire           |    49 |    32 ||    81
       Scorch            |     4 |    10 ||    14
       Flame Wave        |       |     1 ||     1
  Use: Scroll            |     5 |     1 ||     6
       Potion            |     1 |       ||     1
 Stab: Sleeping          |     2 |     1 ||     3
Armor: Skin              |     3 |     3 ||     6
Dodge: Dodged            |    61 |    37 ||    98
